 Dungeon Crawl Stone Soup version 0.29-a0-620-g13ace881f2 (webtiles) character file.

Game seed: 2722869917826025233

3110 dolemite99 the Grappler (level 9, -10/67 HPs)
             Began as a Troll Transmuter on June 19, 2022.
             Was a Believer of Hepliaklqana.
             Mangled by a two-headed ogre
             ... wielding a +0 giant club
              (20 damage)
             ... on level 8 of the Dungeon.
             The game lasted 00:10:04 (7569 turns).

dolemite99 the Grappler (Troll Transmuter)          Turns: 7569, Time: 00:10:05

Health: -10/67     AC:  2    Str: 20      XL:     9   Next: 60%
Magic:  6/9        EV: 18    Int: 13      God:    Hepliaklqana [**....]
Gold:   24         SH:  0    Dex: 13 (15) Spells: 4/10 levels left

rFire   . . .      SeeInvis .     - Unarmed
rCold   . . .      Faith    .   (shield currently unavailable)
rNeg    . . .      Spirit   .   (body armour currently unavailable)
rPois   x          Reflect  .   (helmet currently unavailable)
rElec   .          Harm     .   (cloak currently unavailable)
rCorr   .          Rampage  .   (gloves unavailable)
Will    .....                   (boots unavailable)
Stlth   +.........              (no amulet)
HPRegen 1.01/turn               (no ring)
MPRegen 0.11/turn               (no ring)

@: spider-form (expiring)
A: venomous fangs, reduced essence, tiny, unfitting armour, (claws 3),
regeneration 1, (shaggy fur 1), (tough skin 1)
a: End Transformation, Renounce Religion, Recall Ancestor, Ancestor Identity


You were on level 8 of the Dungeon.
You worshipped Hepliaklqana.
Hepliaklqana was pleased with you.
You were a venomous arachnid creature.
You visited 2 branches of the dungeon, and saw 9 of its levels.

You collected 281 gold pieces.
You spent 257 gold pieces at shops.

Inventory:

Hand Weapons
 n - a +0 war axe
Missiles
 j - 2 throwing nets
Armour
 a - a +1 robe
 i - +0 steam dragon scales (melded)
Jewellery
 x - a ring of protection from cold
Wands
 b - a wand of flame (20)
 e - a wand of quicksilver (7)
 s - a wand of iceblast (16)
 u - a wand of paralysis (10)
 v - a wand of digging (5)
Scrolls
 d - a scroll of poison
 g - 5 scrolls of teleportation
 k - a scroll of identify {@r1}
 t - a scroll of fear
Potions
 c - a potion of degeneration
 f - a potion of ambrosia {unknown}
 h - 2 potions of might {unknown}
 l - a potion of mutation
 m - 2 potions of haste
 o - a potion of brilliance {unknown}
 p - 6 potions of curing
 q - 2 potions of attraction {unknown}
 r - a potion of flight {unknown}
 w - a potion of resistance
 z - 2 potions of cancellation


   Skills:
 - Level 0.7 Fighting
 - Level 1.5 Dodging
 + Level 10.1 Unarmed Combat
 - Level 1.2 Spellcasting
 + Level 7.4 Transmutations


You had 4 spell levels left.
You knew the following spells:

 Your Spells              Type           Power      Damage    Failure   Level
a - Beastly Appendage     Tmut           40%        N/A       6%          1
b - Wereblood             Tmut           20%        N/A       8%          2
c - Spider Form           Tmut/Pois      10%        N/A       38%         3

Your spell library contained the following spells:

 Spells                   Type           Power      Damage    Failure   Level
 Apportation              Tloc           0%         N/A       50%         1
 Freeze                   Ice            0%         1d3       50%         1
 Necrotize                Necr           0%         1d4       50%         1
 Summon Small Mammal      Summ           0%         N/A       50%         1
 Ice Form                 Ice/Tmut       10%        N/A       73%         4
 Frozen Ramparts          Ice            0%         1d2       82%         3
 Hailstorm                Conj/Ice       0%         3d3       99%         4
 Blade Hands              Tmut           10%        N/A       56%         5
 Irradiate                Conj/Tmut      5%         3d15      95%         5
 Dragon Form              Tmut           10%        N/A       100%        7


Dungeon Overview and Level Annotations

Branches:
Dungeon (8/15)             Temple (1/1) D:4
   Lair: D:8-11

Altars:
Ashenzari
Cheibriados
Dithmenos
Elyvilon
Fedhas
Gozag
Hepliaklqana
Kikubaaqudgha
Makhleb
Nemelex Xobeh
Okawaru
Qazlal
Ru
Sif Muna
Trog
Uskayaw
Wu Jian
Xom
Yredelemnul
Zin
The Shining One

Shops:
D:6 *


Innate Abilities, Weirdness & Mutations

You are a venomous arachnid creature.
You have poisonous fangs.
You are tiny and dextrous.
Your spellcasting is less reliable in this form.
Your armour is entirely melded.
You are incapable of wielding weapons or throwing items.
Your life essence is reduced to manifest your ancestor. (-10% HP)
You are too large for most types of armour.
((You have claws for hands.))
Your natural rate of healing is unusually fast.
((You are covered in fur. (AC +1)))
((You have tough skin. (AC +1)))


Message History

The gnoll is severely wounded.
Cihuaton hits the gnoll with a +0 flail.
The gnoll dies!
No target in view!
Things that are here:
a +0 club; a +0 ring mail No target in view!
You swap places.
Things that are here:
a +0 club; a gnoll corpse
j - 2 throwing nets (gained 1)
Your transformation is almost over.
Your horns disappear.
Your talons disappear.
Things that are here:
a +0 club; a gnoll corpse You now have 24 gold pieces (gained 11).
A two-headed ogre comes into view. It is wielding two +0 giant clubs.
The two-headed ogre shouts in stereo!
Okay, then.
Casting: Beastly Appendage (safe; 1% risk of failure)
Confirm with . or Enter, or press ? or * to list all spells.
Okay, then.
Casting: Beastly Appendage (safe; 1% risk of failure)
Confirm with . or Enter, or press ? or * to list all spells.
You turn into a venomous arachnid creature.
Your +0 steam dragon scales melds into your body.
The two-headed ogre closely misses you.
The two-headed ogre hits you with a +0 giant club!!
Ouch! That really hurt!
You bite the two-headed ogre!
The two-headed ogre is poisoned.
The two-headed ogre is moderately wounded.
The two-headed ogre completely misses you.
The two-headed ogre hits you with a +0 giant club!!
* * * LOW HITPOINT WARNING * * *
You bite the two-headed ogre!
The two-headed ogre looks as sick as possible!
The two-headed ogre is heavily wounded.
Your transformation is almost over.
The two-headed ogre hits you with a +0 giant club!!
You die...

#.#.######
#.## #.#
#.#####.#
........#
###
#######.#
.. #.# .#
#.###O#
#...s.#
#######


You could see a two-headed ogre (extremely poisoned).

Vanquished Creatures
  Sigmund (D:4)
  A steam dragon (D:6)
  Eustachio (D:6)
  Edmund (D:6)
  3 sky beasts
  2 ice beasts
  2 orc warriors
  A centaur (D:7)
  A phantom (D:5)
  A gnoll sergeant (D:8)
  A bullfrog (D:7)
  4 scorpions
  2 necrophages
  3 wights (D:7)
  A jelly (D:7)
  5 orc priests
  A quasit (D:8)
  A gnoll shaman (D:7)
  2 hounds
  2 iguanas
  7 orc wizards
  5 gnolls
  7 adders
  2 shadow imps (D:8)
  A white imp (D:7)
  3 worms
  3 dart slugs
  13 orcs
  5 bats
  4 endoplasms
  8 giant cockroaches
  10 goblins
  6 hobgoblins
  8 jackals
  3 quokkas
  7 ball pythons
  10 frilled lizards
  5 kobolds
  11 rats
154 creatures vanquished.

Vanquished Creatures (collateral kills)
  A phantom (D:7)
  2 wights (D:7)
  An orc priest (D:7)
  3 iguanas
  2 orc wizards
  4 gnolls
  A white imp (D:7)
  8 orcs
22 creatures vanquished.

Vanquished Creatures (others)
  An ancestor (D:6)
  An orc (D:6)
  A demonic plant (D:8)
3 creatures vanquished.

Grand Total: 179 creatures vanquished

Notes
Turn   | Place    | Note
-------+----------+-------------------------------------------
     0 | D:1      | dolemite99 the Troll Transmuter began the quest for the
                  | Orb.
     0 | D:1      | Reached XP level 1. HP: 18/18 MP: 1/1
   126 | D:1      | Reached XP level 2. HP: 26/26 MP: 2/2
   225 | D:1      | Reached XP level 3. HP: 32/32 MP: 3/3
   818 | D:2      | Reached skill level 4 in Unarmed Combat
  1082 | D:2      | Reached XP level 4. HP: 40/40 MP: 4/4
  2027 | D:3      | Reached XP level 5. HP: 46/46 MP: 3/5
  2257 | D:4      | Reached skill level 5 in Unarmed Combat
  2279 | D:4      | Learned a level 2 spell: Wereblood
  2279 | D:4      | Found a staircase to the Ecumenical Temple.
  2283 | D:4      | Noticed Sigmund
  2298 | D:4      | Killed Sigmund
  2299 | D:4      | Reached XP level 6. HP: 54/54 MP: 6/6
  2449 | Temple   | Entered the Ecumenical Temple
  2837 | Temple   | Became a worshipper of Hepliaklqana the Forgotten
  2965 | D:4      | Reached skill level 6 in Unarmed Combat
  3064 | D:4      | Reached XP level 7. HP: 61/61 MP: 3/7
  3550 | D:5      | Entered Level 5 of the Dungeon
  3608 | D:5      | Learned a level 3 spell: Spider Form
  3988 | D:5      | Reached * piety under Hepliaklqana
  4208 | D:5      | Reached skill level 7 in Unarmed Combat
  4295 | D:6      | Reached skill level 5 in Transmutations
  4368 | D:6      | Reached XP level 8. HP: 45/61 MP: 8/8
  4694 | D:6      | Noticed Eustachio
  4951 | D:6      | Found Odotoffi's Assorted Antiques.
  4959 | D:6      | Bought a scroll labelled PYNGYRYDWI for 26 gold pieces
  5091 | D:6      | Bought a scroll of identify for 52 gold pieces
  5091 | D:6      | Bought a blue potion for 23 gold pieces
  5091 | D:6      | Bought a scroll of teleportation for 78 gold pieces
  5091 | D:6      | Bought a scroll of teleportation for 78 gold pieces
  5100 | D:6      | Killed Eustachio
  5101 | D:6      | Reached skill level 8 in Unarmed Combat
  5287 | D:6      | Noticed Edmund
  5299 | D:6      | Killed Edmund
  5637 | D:6      | Reached ** piety under Hepliaklqana
  5638 | D:6      | Remembered your ancestor Cihuaton as a knight
  6264 | D:7      | Reached XP level 9. HP: 67/67 MP: 9/9
  6287 | D:7      | Reached skill level 9 in Unarmed Combat
  7432 | D:8      | Reached skill level 10 in Unarmed Combat
  7565 | D:8      | Noticed a two-headed ogre
  7569 | D:8      | Mangled by a two-headed ogre

Illustrated notes

Levels and vault maps discovered:
D:1:      dpeg_arrival_stone_temple_mockup, layout_basic
D:2:      minmay_skewed_foursquare, layout_loops_cross
D:3:      minmay_bubble_buster, layout_loops_cross, serial_park_tiny_pond,
          st_stairs_11, kennysheep_crisscross, minmay_misc_feat_hallway
D:4:      layout_layer_cave, minmay_temple_entry_statues_pillars, uniq_sigmund
D:5:      layout_basic
D:6:      minmay_evil_eye, layout_layer_cave, serial_shops, shop, uniq_edmund,
          uniq_eustachio
D:7:      layout_rooms, grunt_ministairs_9, amcnicky_mini_pool_medium
D:8:      layout_loops_ring, david_lair_shrubbed, serial_demonic,
          serial_demonic_a, serial_demonic_b, serial_demonic_c,
          serial_demonic_b, kennysheep_generic_room_7
Temple:   mainiacjoe_temple_trianglar_array

Skill      XL: |  1  2  3  4  5  6  7  8  9 |
---------------+----------------------------+-----
Transmutations | 2 3 4 5 6 7 |  7.4
Unarmed Combat | 4 5 6 7 8 10 | 10.1
Fighting       | |  0.7
Dodging        | |  1.5
Spellcasting   | |  1.2

Action                   |  1- 3 |  4- 6 |  7- 9 || total
-------------------------+-------+-------+-------++-------
Melee: Unarmed           |   117 |   138 |   206 ||   461
       Punch             |     1 |     2 |    10 ||    13
       Kick              |       |    16 |    14 ||    30
       Headbutt          |       |     5 |    24 ||    29
 Cast: Beastly Appendage |       |    16 |    24 ||    40
       Wereblood         |       |     4 |     1 ||     5
       Spider Form       |       |       |     1 ||     1
Invok: Ancestor Life: Kn |       |       |     1 ||     1
       Recall Ancestor   |       |       |     2 ||     2
  Use: Potion            |       |     2 |     6 ||     8
       Scroll            |       |     1 |    18 ||    19
 Stab: Sleeping          |     1 |     2 |       ||     3
       Invisible         |       |       |     1 ||     1
       Distracted        |       |       |     2 ||     2
Armor: Robe              |    27 |    49 |    35 ||   111
       Skin              |       |    44 |     2 ||    46
       Steam dragon scal |       |       |    58 ||    58
Dodge: Dodged            |    50 |    74 |   117 ||   241

Table legend: (Time is in decaauts)
 A = Elapsed time spent in this place.
 B = Non-inter-level travel time spent in this place.
 C = Inter-level travel time spent in this place.
 D = Time resting spent in this place.
 E = Time spent auto-exploring this place.
 F = Levels seen in this place.
 G = Mean time per level.
                   A        B        C        D        E       F      G
               +--------+--------+--------+--------+--------+-----+--------+
         Total |   7517 |   7221 |    296 |   1505 |   4146 |   9 |  835.2 |
       Dungeon |   7101 |   6855 |    246 |   1505 |   3785 |   8 |  887.6 |
        Temple |    416 |    366 |     50 |      0 |    361 |   1 |  416.0 |
               +--------+--------+--------+--------+--------+-----+--------+

Top non-repeatable levels by time:
     D:6: 1679 daAuts
     D:7: 1231 daAuts
     D:4: 884 daAuts
     D:3: 875 daAuts
     D:5: 857 daAuts
     D:2: 678 daAuts
     D:1: 675 daAuts
  Temple: 416 daAuts
     D:8: 219 daAuts
